 Dungeon Crawl Stone Soup version 0.26.1-2-gb8aa6d0cf2 (webtiles) character file.

Game seed: 6451633137328527843

16759 Dagix the Severer (level 12, -2/110 HPs)
             Began as a Minotaur Berserker on Feb 11, 2021.
             Was a High Priest of Trog.
             Succumbed to a redback's poison
             ... on level 1 of the Spider Nest.
             The game lasted 01:12:12 (9238 turns).

Dagix the Severer (Minotaur Berserker)              Turns: 9238, Time: 01:12:12

Health: -2/110     AC: 23    Str: 32    XL:     12   Next: 12%
Magic:  11/11      EV: 10    Int:  4    God:    Trog [*****.]
Gold:   697        SH:  0    Dex: 17    Spells: 11/11 levels left

rFire    . . .     SeeInvis .   m - +3 battleaxe (vorpal)
rCold    . . .     Faith    +   (shield currently unavailable)
rNeg     . . .     Spirit   .   o - +0 plate armour
rPois    .         Reflect  .   M - +2 hat
rElec    .         Harm     .   b - +2 cloak
rCorr    .         Rampage  .   (no gloves)
Will     .....                  D - +0 pair of boots
Stlth    ..........             i - amulet of faith
HPRegen  0.28/turn              n - +6 ring of dexterity
MPRegen  0.12/turn              p - +6 ring of strength

@: lethally poisoned (-2 -> -64), slowed, studying Slings, very slow
A: retaliatory headbutt, horns 2
a: Renounce Religion, Berserk, Trog's Hand, Brothers in Arms


You were on level 1 of the Spider Nest.
You worshipped Trog.
Trog was extremely pleased with you.
You visited 4 branches of the dungeon, and saw 16 of its levels.

You collected 697 gold pieces.

Inventory:

Hand Weapons
 a - a +1 hand axe
 j - a +0 dagger of holy wrath
 m - a +3 vorpal battleaxe (weapon)
 z - a +1 flail of protection
 B - the +7 hand axe "Iceec" {flame, *Corrode rN+ Will+}
   (You found it on level 4 of the Dungeon)

   It has been specially enchanted to burn those struck by it, causing extra
   injury to most foes and up to half again as much damage against particularly
   susceptible opponents.
   Big, fiery blades are also staple armaments of hydra-hunters.
   It protects you from negative energy.
   It affects your willpower, your defense against some magical effects.
   It may corrode you when you take damage.
 F - a +3 broad axe of flaming
 I - a +2 flail of distortion
 J - a +4 flail of venom
 P - a +2 whip of flaming
 R - a +1 vorpal hand axe
 X - a +2 war axe
Armour
 b - a +2 cloak (worn)
 c - a +2 chain mail of fire resistance
 e - a +0 troll leather armour
 g - a +0 chain mail
 o - a +0 plate armour (worn)
 q - a +0 cloak
 D - a +0 pair of boots (worn)
 M - a +2 hat (worn)
Jewellery
 i - an amulet of faith (around neck)
 n - a +6 ring of dexterity (left hand)
 p - a +6 ring of strength (right hand)
 O - an uncursed ring of protection from cold
 U - an uncursed ring of wizardry
Wands
 h - a wand of acid (8)
 E - a wand of flame (13)
 N - a wand of disintegration (27)
Scrolls
 d - 7 scrolls of teleportation
 f - 3 scrolls of fog
 r - 6 scrolls of remove curse
 t - a scroll of torment
 u - 3 scrolls of blinking
 x - 8 scrolls of identify
 y - a scroll of immolation
 C - 3 scrolls of amnesia {unknown}
 G - a scroll of random uselessness {unknown}
 H - a scroll of magic mapping {unknown}
 S - a scroll of enchant armour {unknown}
Potions
 k - 3 potions of haste
 l - 4 potions of might
 s - 7 potions of curing {unknown}
 v - 4 potions of heal wounds {unknown}
 w - 3 potions of attraction {unknown}
 A - a potion of lignification {unknown}
 K - a potion of berserk rage {unknown}
 T - a potion of magic {unknown}
 V - a potion of invisibility {unknown}
 W - 3 potions of mutation {unknown}
 Z - a potion of cancellation {unknown}
Books
 Y - a manual of Slings


   Skills:
 + Level 11.2 Fighting
 + Level 15.8 Axes
 + Level 12.9 Armour
 + Level 3.5 Dodging
 + Level 1.8 Stealth


You had 11 spell levels left.
You didn't know any spells.
Your spell library contained the following spells:

 Spells                   Type           Power        Failure   Level
 Corona                   Hex            0%           97%         1
 Foxfire                  Conj/Fire      0%           97%         1
 Poisonous Vapours        Pois/Air       0%           99%         2
 Slow                     Hex            0%           99%         2
 Conjure Flame            Conj/Fire      0%           100%        3
 Inner Flame              Hex/Fire       0%           100%        3
 Mephitic Cloud           Conj/Pois/Air  0%           100%        3
 Portal Projectile        Hex/Tloc       0%           100%        3
 Cause Fear               Hex            0%           100%        4
 Leda's Liquefaction      Hex/Erth       0%           100%        4
 Sticky Flame             Conj/Fire      0%           100%        4
 Fireball                 Conj/Fire      0%           100%        5
 Freezing Cloud           Conj/Ice/Air   0%           100%        6


Dungeon Overview and Level Annotations

Branches:
Dungeon (11/15)            Temple (1/1) D:4            Lair (3/6) D:11
 Spider (1/4) Lair:3
  Swamp: Lair:2-4    Shoals: Lair:2-4       Orc: D:9-12

Altars:
Ashenzari
Cheibriados
Dithmenos
Elyvilon
Fedhas
Gozag
Hepliaklqana
Kikubaaqudgha
Makhleb
Nemelex Xobeh
Okawaru
Qazlal
Ru
Sif Muna
Trog
Uskayaw
Vehumet
Wu Jian
Xom
Yredelemnul
Zin
The Shining One

Shops:
D:6 [   D:7 *

Annotations:
Spider:1 Aizul


Innate Abilities, Weirdness & Mutations

You reflexively headbutt those who attack you in melee.
You have a pair of horns on your head.


Message History

Aizul hits you but does no damage.
The redback bites you but does no damage.
* * * LOW HITPOINT WARNING * * *
You feel very sick. Aizul casts a spell at you.
You fall asleep.
The jumping spider misses you. The jumping spider bites you.
You wake up.
* * * LOW HITPOINT WARNING * * *
The redback barely misses you. The jumping spider pounces on you.
* * * LOW HITPOINT WARNING * * *
The jumping spider bites you but does no damage.
The redback bites you!
* * * LOW HITPOINT WARNING * * *
You are more poisoned.
The redback poisons you!
The demonic crawler hits you but does no damage.
The demonic crawler barely misses you. The demonic crawler hits you.
* * * LOW HITPOINT WARNING * * *
There is a crawl-hole back to the Lair, spattered with blood here.
You die...

...............#
...............##
.........s......#
.................
.......$.........
.................
.........w.......
.......$.ss.^....
........s@....^.^
.......sS......##
.......s........#
.................
................^
.................
..............$.>
..............>.


You could see Aizul, a torpor snail, a demonic crawler, 2 wolf spiders, 2
jumping spiders and a redback.

Vanquished Creatures
  Gastronok (Lair:1)
  The ghost of Survivorfifteen the Grappler, a journeyman TrMo (D:11)
  Harold (Lair:1)
  2 two-headed ogres (D:9)
  Pikel (D:7)
  A centaur zombie (D:11)
  2 cane toads
  A komodo dragon (Lair:2)
  2 trolls (D:11)
  Prince Ribbit (D:6)
  15 blink frogs
  2 redbacks (Spider:1)
  3 yaks (D:10)
  Eustachio (D:5)
  2 wyverns
  2 basilisks
  Grum (Lair:1)
  Edmund (D:5)
  6 water moccasins
  5 orc warriors
  2 sky beasts
  3 black bears
  A necrophage (D:6)
  7 wolves
  3 ogres
  4 centaurs
  3 lemures (D:7)
  6 bullfrogs
  A scorpion (D:5)
  8 wights
  11 killer bees
  A howler monkey (D:5)
  2 jellies
  3 orc wizards
  4 bullfrog skeletons
  5 hounds
  2 centaur skeletons
  10 orc priests
  Jessica (D:3)
  5 worker ants
  3 iguanas
  2 hound zombies
  A howler monkey skeleton (D:5)
  A worker ant zombie (D:6)
  A river rat (D:4)
  10 adders
  A shadow imp (D:7)
  A white imp (D:7)
  An ufetubus (D:6)
  An ooze (D:2)
  An adder skeleton (D:4)
  6 worms
  2 leopard geckos
  40 orcs
  3 ball pythons
  6 giant cockroaches
  5 goblins
  9 hobgoblins
  10 jackals
  12 kobolds
  9 quokkas
  6 bats
  8 frilled lizards
  A jackal zombie (D:6)
  9 rats
282 creatures vanquished.

Vanquished Creatures (collateral kills)
  3 basilisks (D:11)
  3 water moccasins (D:11)
  An ice beast (D:11)
  2 wolves (D:11)
  An orc wizard (D:8)
  9 orcs
  3 hobgoblins (D:8)
22 creatures vanquished.

Vanquished Creatures (others)
  20 fungi
  24 plants
44 creatures vanquished.

Grand Total: 348 creatures vanquished

Notes
Turn   | Place    | Note
-------+----------+-------------------------------------------
     0 | D:1      | Dagix the Minotaur Berserker began the quest for the Orb.
     0 | D:1      | Reached XP level 1. HP: 19/19 MP: 0/0
    83 | D:1      | You fall into a shaft and drop 1 floor!
   134 | D:2      | Reached skill level 4 in Axes
   134 | D:2      | Reached XP level 2. HP: 17/27 MP: 1/1
   278 | D:2      | Reached XP level 3. HP: 34/34 MP: 2/2
   356 | D:2      | You fall into a shaft and drop 1 floor!
   601 | D:1      | Reached ** piety under Trog
  1128 | D:1      | Reached XP level 4. HP: 41/41 MP: 3/3
  1600 | D:2      | Reached skill level 5 in Axes
  2047 | D:3      | Reached *** piety under Trog
  2105 | D:3      | Reached XP level 5. HP: 42/47 MP: 4/4
  2198 | D:3      | Noticed Jessica
  2203 | D:3      | Killed Jessica
  2210 | D:3      | Found a shimmering blue altar of Sif Muna.
  2372 | D:4      | Got a polished hand axe
  2373 | D:4      | Identified the +7 hand axe "Iceec" {flame, *Corrode rN+
                  | Will+} (You found it on level 4 of the Dungeon)
  2419 | D:4      | Found a burning altar of Makhleb.
  2431 | D:4      | Found a stormy altar of Qazlal.
  2529 | D:4      | Reached skill level 5 in Fighting
  2559 | D:4      | Reached skill level 6 in Axes
  2559 | D:4      | Reached XP level 6. HP: 55/56 MP: 5/5
  2587 | D:4      | Found a staircase to the Ecumenical Temple.
  2605 | Temple   | Entered the Ecumenical Temple
  3027 | D:4      | Found a hazy altar of Hepliaklqana.
  3241 | D:5      | Entered Level 5 of the Dungeon
  3412 | D:5      | Reached skill level 7 in Axes
  3412 | D:5      | Reached XP level 7. HP: 59/62 MP: 6/6
  3461 | D:5      | Reached skill level 5 in Armour
  3505 | D:5      | Reached **** piety under Trog
  3592 | D:5      | Noticed Eustachio
  3606 | D:5      | Killed Eustachio
  3650 | D:5      | Noticed Edmund
  3657 | D:5      | Killed Edmund
  3658 | D:5      | Reached skill level 8 in Axes
  3848 | D:5      | Got a warped robe
  4037 | D:6      | Reached XP level 8. HP: 71/71 MP: 7/7
  4193 | D:6      | Reached skill level 9 in Axes
  4319 | D:6      | Found Noghie's Antique Armour Shoppe.
  4326 | D:6      | Noticed Prince Ribbit
  4335 | D:6      | Killed Prince Ribbit
  4514 | D:6      | Found an opulent altar of Gozag.
  4807 | D:7      | Found a glowing silver altar of Zin.
  4808 | D:7      | Found Zin's Purification Station.
  4840 | D:7      | Reached skill level 10 in Axes
  4850 | D:7      | Noticed Pikel
  4860 | D:7      | Killed Pikel
  4861 | D:7      | Reached skill level 1 in Stealth
  4861 | D:7      | Reached XP level 9. HP: 78/79 MP: 8/8
  5078 | D:7      | Found a shadowy altar of Dithmenos.
  5149 | D:7      | Reached ***** piety under Trog
  5150 | D:7      | Reached skill level 11 in Axes
  5481 | D:8      | Got a smouldering leather armour
  5668 | D:8      | Found an iron altar of Okawaru.
  5815 | D:8      | Found a shimmering altar of Xom.
  6188 | D:9      | Noticed a two-headed ogre
  6195 | D:9      | Killed a two-headed ogre
  6196 | D:9      | Reached skill level 12 in Axes
  6196 | D:9      | Reached XP level 10. HP: 41/90 MP: 9/9
  6429 | D:9      | Lost intelligence.
  6631 | D:9      | Noticed a two-headed ogre
  6636 | D:9      | Killed a two-headed ogre
  6637 | D:9      | Reached skill level 10 in Armour
  6762 | D:10     | Entered Level 10 of the Dungeon
  6861 | D:10     | Reached skill level 13 in Axes
  7495 | D:11     | Found a large runed translucent door.
  7495 | D:11     | Found a large runed translucent door.
  7500 | D:11     | Noticed Survivorfifteen's ghost (journeyman TrMo)
  7514 | D:11     | Killed Survivorfifteen's ghost
  7585 | D:11     | Reached skill level 10 in Fighting
  7615 | D:11     | Reached XP level 11. HP: 63/99 MP: 10/10
  7629 | D:11     | Received a gift from Trog
  7650 | D:11     | Found a staircase to the Lair.
  7707 | Lair:1   | Entered Level 1 of the Lair of Beasts
  7778 | Lair:1   | Reached skill level 14 in Axes
  8082 | Lair:1   | Noticed Grum
  8096 | Lair:1   | Killed Grum
  8338 | Lair:1   | Noticed Harold
  8339 | Lair:1   | Noticed Gastronok
  8348 | Lair:1   | Killed Harold
  8355 | Lair:1   | Killed Gastronok
  8356 | Lair:1   | Reached skill level 15 in Axes
  8587 | Lair:2   | Received a gift from Trog
  8980 | Lair:2   | Reached XP level 12. HP: 92/110 MP: 11/11
  9214 | Lair:3   | Found a hole to the Spider Nest.
  9228 | Spider:1 | Entered Level 1 of the Spider Nest
  9230 | Spider:1 | Noticed Aizul
  9237 | Spider:1 | HP: 5/110 [demonic crawler (1)]
  9238 | Spider:1 | Succumbed to a redback's poison

Illustrated notes

Levels and vault maps discovered:
D:1:      wander_arrival_peaceful_grave, layout_basic
D:2:      layout_loops_corners
D:3:      layout_rooms, tgw_sif, minmay_three_crescents, uniq_terence
D:4:      layout_gridville, nzn_hepliaklqana_mist_gate,
          grunt_temple_overflow_open, minmay_temple_entry_ruins,
          cheibrodos_sewer_entry_sluice
D:5:      layout_loops_cross, uniq_eustachio, uniq_edmund
D:6:      layout_loops_ring, nicolae_gozag_seed_capital, serial_shops,
          nicolae_shop_stone, hex_large, grunt_ministairs_1, uniq_prince_ribbit1
D:7:      layout_gridville, nicolae_dithmenos_shadow_blocks, zin_purify,
          uniq_pikel
D:8:      layout_loops_cross, okawaru_altar_gauntlet_db, basic_altar
D:9:      layout_small_grid, hangedman_decor_points,
          amcnicky_mini_corridor_feature, grunt_decor_junction
D:10:     layout_loops_ring
D:11:     layout_basic, minmay_lair_entry_grove, hiddenorc1_lemuel,
          ebering_ghost_disaster_area, basic_altar, uniq_snorg
Temple:   dpeg_chambers_temple
Lair:1:   layout_loops_ring, uniq_gastronok, uniq_grum, uniq_harold
Lair:2:   layout_layer_cave
Lair:3:   layout_misc_corridors, minmay_swamp_entry_swarm, dummy_spider_entry,
          infiniplex_staircase_pool_2
Spider:1: layout_spider_delve, uniq_aizul, uniq_frances, uniq_asterion

Skill      XL: |  1  2  3  4  5  6  7  8  9 10 11 |
---------------+----------------------------------+-----
Fighting       | 4 5 6 7 8 10 11 | 11.2
Axes           | 4 5 6 7 8 10 12 13 15 | 15.8
Armour         | 3 4 6 8 9 11 12 | 12.9
Stealth        | 1 |  1.8
Dodging        | 3 |  3.5

Action                   |  1- 3 |  4- 6 |  7- 9 | 10-12 || total
-------------------------+-------+-------+-------+-------++-------
Melee: Hand axe          |    85 |   124 |   146 |   102 ||   457
       Headbutt          |    13 |    26 |    38 |    89 ||   166
       Battleaxe         |       |       |       |   170 ||   170
Invok: Trog's Hand       |       |     1 |     1 |     2 ||     4
       Berserk           |       |       |     3 |       ||     3
       Brothers in Arms  |       |       |     1 |     1 ||     2
  Use: Scroll            |     1 |       |     3 |     7 ||    11
Armor: Chain mail        |    43 |       |       |       ||    43
       Plate armour      |     2 |    78 |    79 |   159 ||   318
Dodge: Dodged            |    35 |    47 |    56 |   111 ||   249
